 Dungeon Crawl Stone Soup version 0.20-a0-738-gb057e68 (webtiles) character file.

37 Ijustatesigmund the Magician (level 3, -3/17 HPs)
             Began as a Deep Elf Fire Elementalist on Feb 23, 2017.
             Slain by Ijyb
             ... wielding a +0 dagger
              (4 damage)
             ... on level 2 of the Dungeon.
             The game lasted 00:08:21 (1798 turns).

Ijustatesigmund the Magician (DEFE)                 Turns: 1798, Time: 00:08:22

Health: -3/17      AC:  2    Str:  5    XL:     3   Next: 23%
Magic:  8/9        EV: 13    Int: 20    God:
Gold:   110        SH:  0    Dex: 15    Spells: 4/10 levels left

rFire    . . .     SeeInvis .   g - +0 short sword
rCold    . . .     Gourm    .   a - +0 robe
rNeg     . . .     Faith    .   (no shield)
rPois    .         Spirit   .   (no helmet)
rElec    .         Reflect  .   (no cloak)
rCorr    .         Harm     .   (no gloves)
MR       .....                  (no boots)
Stlth    ++........             (no amulet)
Regen    0.1/turn               (no ring)
MPRegen  0.2/turn               (no ring)

@: no status effects
A: frail 1, low mp 1, wild magic 1
a: no special abilities


You were on level 2 of the Dungeon.
You were not hungry.

You visited 1 branch of the dungeon, and saw 2 of its levels.

You collected 110 gold pieces.

Inventory:

Hand Weapons
 g - a +0 short sword (weapon)
Armour
 a - a +0 robe (worn)
Books
 b - a book of Flames

   Spells                             Type                      Level
   a - Flame Tongue                   Conjuration/Fire             1
   b - Throw Flame                    Conjuration/Fire             2
   c - Conjure Flame                  Conjuration/Fire             3
   d - Inner Flame                    Hexes/Fire                   3
   e - Sticky Flame                   Conjuration/Fire             4
   f - Fireball                       Conjuration/Fire             5
Comestibles
 c - 2 bread rations
 h - 2 fruits


   Skills:
 - Level 2.4 Dodging
 - Level 2.4 Stealth
 - Level 4.2 Spellcasting
 + Level 1.1 Conjurations
 + Level 1.0 Hexes
 - Level 3.9 Fire Magic


You had 4 spell levels left.
You knew the following spells:

 Your Spells              Type           Power        Failure   Level  Hunger
a - Flame Tongue          Conj/Fire      ###..        8%          1    None
b - Throw Flame           Conj/Fire      ###...       14%         2    #......
c - Inner Flame           Hex/Fire       ###.....     21%         3    ###....


Dungeon Overview and Level Annotations

Branches:
Dungeon (2/15)

Altars:
Dithmenos

Annotations:
D:2 Ijyb, Natasha


Innate Abilities, Weirdness & Mutations

You are frail. (-10% HP)
Your magical capacity is low. (-10% MP)
Your spells are a little harder to cast, but a little more powerful.


Message History

You closely miss something. Something hits you but does no damage.
Something hits you.
You barely miss something. Something hits you.
You miss something. Something hits you but does no damage.
You closely miss something. Something hits you but does no damage.
You miss something. Something hits you.
You miss something. Something hits you.
You hit something. Something hits you.
A leopard gecko comes into view.
You are too injured to fight recklessly!
You feel extremely strange.
You feel frail.
You feel less energetic.
You feel less in control of your magic. Something hits you.
* * * LOW HITPOINT WARNING * * *
You barely miss something. Something completely misses you.
You hit something. Something hits you.
* * * LOW HITPOINT WARNING * * *
You miss something. Something hits you.
You die...

.##.###.## ....<....# #. .# .
.........# #. #.# #........# ..
.l# ..### §#.......# #. #.#
......## §....(..#.# +. #.#
......... §#.......#.# #.# #.#
..........
##.......#.#+##.####.#...........
#.......#......@....#...........
..... #.#+##.####.#...........
..... #.# +.+ #.# #.........
#..###.# #.# #.# #.........
#...#.####.####.# #.)......
#..............# ##.....#.
#..############# ####...#
#....†..# #.#.# #.%......# #.#..


There were no monsters in sight!

Vanquished Creatures
  A ball python (D:1)
  4 bats (D:1)
  A giant cockroach (D:1)
  5 goblins
  4 hobgoblins (D:1)
  4 jackals
  2 kobolds (D:1)
  A quokka (D:2)
  6 frilled lizards
  8 rats
36 creatures vanquished.

Notes
Turn   | Place    | Note
-------+----------+-------------------------------------------
     0 | D:1      | Ijustatesigmund the Deep Elf Fire Elementalist began the quest for the Orb.
     0 | D:1      | Reached XP level 1. HP: 10/10 MP: 6/6
   486 | D:1      | Reached XP level 2. HP: 15/15 MP: 3/8
   490 | D:1      | Learned a level 2 spell: Throw Flame
   976 | D:1      | Reached skill level 4 in Spellcasting
  1449 | D:1      | Reached XP level 3. HP: 19/19 MP: 7/10
  1557 | D:2      | Noticed Natasha
  1607 | D:1      | Learned a level 3 spell: Inner Flame
  1609 | D:2      | Found a shadowy altar of Dithmenos.
  1745 | D:2      | Reached skill level 1 in Hexes
  1760 | D:2      | Noticed Ijyb
  1795 | D:2      | Gained mutation: You are frail. (-10% HP) [potion of mutation]
  1795 | D:2      | Gained mutation: Your magical capacity is low. (-10% MP) [potion of mutation]
  1795 | D:2      | Gained mutation: Your spells are a little harder to cast, but a little more powerful. [potion of mutation]
  1798 | D:2      | Slain by Ijyb

Vault maps used:
D:1:      sevenhm_arrival_forest_fort_large_1, minmay_pentomino_x4
D:2:      minmay_door_path, grunt_dithmenos_smoke_and_mirrors,
          chequers_ecumenical_altar_lobes, minmay_misc_feat_room, uniq_natasha,
          uniq_iyjb

Skill      XL: |  1  2  3 |
---------------+----------+-----
Spellcasting   | 4 |  4.2
Hexes          | 1 |  1.0
Dodging        | |  2.4
Stealth        | |  2.4
Conjurations   | |  1.1
Fire Magic     | |  3.9

Action                   || total
-------------------------++-------
Melee: Short sword       ||    18
       Dagger            ||     2
 Cast: Flame Tongue      ||    60
       Throw Flame       ||    10
  Use: Scroll            ||     2
       Potion            ||     1
  Eat: Chunk             ||     3
Armor: Robe              ||    10
Dodge: Dodged            ||    15
